Cogmind - Beta 16 @@@ ROGUE MODE // 2025.10.29 @ 14:43:01 Player: Rune Result: Destroyed by S-10 Pest with Light Assault Rifle Performance ------------- Evolutions (1) 500 Regions Visited (2) 400 Robots Destroyed (12) 60 Value Destroyed (255) 255 Prototype IDs (1) 20 Alien Tech Used (0) 0 Bonus (0) 0 TOTAL SCORE: 1235 Bonus ------- None Cogmind --------- Core Integrity 0/400 Matter 100/400 Energy 99/100 System Corruption 0% Temperature Cool (0) Movement Core (250) Ox4 Location -9/Materials Parts ------- > --- POWER (2) -------- (None) > --- PROPULSION (2) --- (None) > --- UTILITY (2) ------ Medium Storage Unit Medium Matter Pod > --- WEAPON (3) ------- Faulty Improved Assault Rifle > --- INVENTORY (10) --- (None) Peak State ------------ > --- POWER ------------ Light Ion Engine Light Ion Engine > --- PROPULSION ------- Aluminum Leg Aluminum Leg > --- UTILITY ---------- Small Storage Unit Small Matter Pod > --- WEAPON ----------- Medium Laser Small Laser Grenade Launcher > --- INVENTORY -------- Small Laser Small Laser [Rating: 9] Favorites ----------- Power Light Ion Engine Engine Light Ion Engine Propulsion Aluminum Leg Leg Aluminum Leg Utility Small Storage Unit Storage Small Storage Unit Weapon Grenade Launcher Energy Gun Small Laser Ballistic Gun Improved Assault Rifle Launcher Grenade Launcher Build | -11 -10 -9 ------- Run | Yrd Mat Mat Slots Evolved 2 | . . 2 Power 1 | . . 1 Propulsion . | . . . Utility . | . . . Weapon 1 | . . 1 Parts Attached 15 | 4 3 8 Power 2 | 1 . 1 Engine 2 | 1 . 1 Core . | . . . Reactor . | . . . Propulsion 2 | 2 . . Treads . | . . . Leg 2 | 2 . . Wheel . | . . . Hover . | . . . Flight . | . . . Utility 4 | 1 . 3 Device . | . . . Storage 4 | 1 . 3 Processor . | . . . Hackware . | . . . Protection . | . . . Artifact . | . . . Weapon 7 | . 3 4 Energy Gun 4 | . 2 2 Energy Cannon . | . . . Ballistic Gun 1 | . . 1 Ballistic Cannon . | . . . Launcher 2 | . 1 1 Special Weapon . | . . . Impact Weapon . | . . . Slashing Weapon . | . . . Piercing Weapon . | . . . Special Melee Weapon . | . . . Unidentified Prototypes 1 | . . 1 Parts Lost 10 | . . 10 Power 2 | . . 2 Propulsion 2 | . . 2 Utility . | . . . Weapon 6 | . . 6 Highest Loss Streak 9 | . . 9 To Critical Strikes . | . . . Average Backups 2 | 1 2 2 Power . | . . . Propulsion . | . . . Utility . | . . . Weapon 2 | 1 2 2 Tool/Special . | . . . Unused Backups . | . . . Power . | . . . Propulsion . | . . . Utility . | . . . Weapon . | . . . Tool/Special . | . . . Average Slot Usage (%) 83 | . 80 84 Engine 15 | . 14 17 Leg 21 | . 28 16 Storage 18 | . 14 20 Energy Gun 16 | . 11 20 Launcher 10 | . 11 9 Peak Build Rating 9 | 4 6 9 Average Rating 6 | 3 5 7 On Entrance 3 | . 4 6 Avg Prop Armor Cover (%) . | . . . Naked Turns . | . . . Heaviest Build 24 | 8 13 24 Greatest Support 20 | 20 20 20 Greatest Overweight (x) 5 | . . 5 Average Overweight (x) . | . . 1 Largest Inventory Capacity 10 | 8 8 10 Average Capacity 8 | 7 8 9 Most Carried 4 | 4 4 4 Average Carried 2 | 1 2 2 Final Capacity 10 | 8 8 10 Final Carried 4 | 3 4 . Class Distribution -------------------- 55% | Mutant 44% | Bomber Dominant Class ---------------- Mutant | -10/Materials Bomber | -9/Materials Resources | -11 -10 -9 ----------- Run | Yrd Mat Mat Matter Collected 286 | 167 46 73 Remotely . | . . . Salvage Created 235 | . 148 87 Parts 28 | . 23 5 Haulers Intercepted 1 | . 1 . Recyclers Shooed . | . . . Parts Field Recycled . | . . . Retrieved Matter . | . . . Parts Self-Destructed . | . . . Prevented . | . . . Parts Restored . | . . . Kills | -11 -10 -9 ------- Run | Yrd Mat Mat Combat Hostiles Destroyed 5 | . 3 2 Guns 2 | . 1 1 AOE 3 | . 2 1 Classes Destroyed 5 | . 4 1 Worker 3 | . 3 . Builder 3 | . 3 . Hauler 1 | . 1 . Grunt 3 | . 3 . Sentry 2 | . . 2 Best Kill Streak 8 | . 8 2 Combat Bots Only 2 | . 2 2 Max Kills in Single Turn 3 | . 3 1 Gunslinging . | . . . Exploded 1 | . 1 1 Melee . | . . . Uniques/NPCs Destroyed . | . . . Combat | -11 -10 -9 -------- Run | Yrd Mat Mat Hostile Shots Fired 160 | . 26 134 Missed 45 | . 6 39 Hits 115 | . 20 95 Projectile 115 | . 20 95 Critical Strikes 1 | . . 1 Damage Taken 1327 | . 339 988 Core 538 | . 137 401 Absorbed by Shields . | . . . Core Remaining (%) 72 | 100 45 . Volleys Fired 22 | . 14 8 Largest 3 | . 2 3 Hottest 120 | . 80 120 Shots Fired 48 | . 27 21 Gun 30 | . 14 16 Cannon . | . . . Launcher 18 | . 13 5 Special . | . . . Kinetic . | . . . Thermal 30 | . 14 16 Explosive 18 | . 13 5 Electromagnetic . | . . . Robot Hit Streak 10 | . 5 10 Robot Miss Streak 2 | . 2 2 Penetration Max . | . . . Secondary Targets . | . . . Shots Hit Robots 25 | . 11 14 Core Hits 25 | . 16 9 Critical Kills . | . . . Critical Parts Destroyed . | . . . Critical Strikes 2 | . 1 1 Burn 2 | . 1 1 Melee Attacks . | . . . Impact . | . . . Slashing . | . . . Piercing . | . . . Sneak Attacks . | . . . Combat Hostiles . | . . . Follow-up Attacks . | . . . Damage Inflicted 906 | . 672 234 Guns 242 | . 102 140 Cannons . | . . . Explosions 660 | . 570 90 Melee . | . . . Ramming 4 | . . 4 Kinetic . | . . . Thermal 242 | . 102 140 Explosive 660 | . 570 90 Electromagnetic . | . . . Impact . | . . . Slashing . | . . . Piercing . | . . . Highest Corruption . | . . . Average Corruption . | . . . Corruption Purged . | . . . Corruption Blocked . | . . . Overload Shots . | . . . Overflow Damage 13 | . 9 4 Projectiles . | . . . Explosions 13 | . 9 4 Melee . | . . . Knockbacks . | . . . Impact . | . . . Kinetic . | . . . Secondary . | . . . Self-Inflicted Damage 171 | . 133 38 Shots 7 | . 5 2 Rammed . | . . . Targets Rammed 1 | . . 1 Kicked 1 | . . 1 Crushed . | . . . Highest Temperature 194 | . 90 194 Average Temperature 47 | . 28 69 Received Heat Transfer 414 | . 78 336 Siege Activations . | . . . Martial Activations . | . . . Shielding Activations . | . . . Robots Disrupted . | . . . Combat Hostiles . | . . . Robots Corrupted . | . . . Combat Hostiles . | . . . Parts Fried . | . . . Impact Corruptions . | . . . Robots Melted . | . . . Combat Hostiles . | . . . Parts Melted . | . . . Heat Transferred 828 | . 370 458 Parts Sabotaged . | . . . Parts Stolen . | . . . Parts Stripped . | . . . Power Chain Reactions . | . . . Alert | -11 -10 -9 ------- Run | Yrd Mat Mat Maximum Alert Level . | . . . Low Security (%) 100 | 100 100 100 Level 1 . | . . . Level 2 . | . . . Level 3 . | . . . Level 4 . | . . . Level 5 . | . . . High Security . | . . . Max Security . | . . . Peak Influence 150 | . 150 84 Initial 59 | . . 59 Average 24 | . 34 23 Influence Increases 317 | . 202 115 Destroy 0b10 Robot/C 100 | . 60 40 Destroy 0b10 Robot/NC 35 | . 35 . Destroy Leader 42 | . 22 20 Disable Machine 45 | . 30 15 Destroy Structure 80 | . 55 25 Lose Combat Pursuer 15 | . . 15 Influence Decreases 317 | . 62 255 Entered New Map 81 | . . 81 Time Decay 176 | . 62 114 Lost Part 60 | . . 60 Squads Dispatched 3 | . 2 1 Investigation . | . . . Extermination . | . . . Reinforcement 3 | . 2 1 Assault . | . . . Garrison . | . . . Intercept . | . . . Searches Triggered . | . . . Construction Impeded . | . . . Haulers Reinforced . | . . . Active Scanning Responses . | . . . Cargo Convoy Interrupts . | . . . Stealth | -11 -10 -9 --------- Run | Yrd Mat Mat Distress Signals 1 | . . 1 Communications Jammed . | . . . Distress Signals . | . . . Times Spotted 26 | . 10 16 Peak Tracking Total 9 | . 3 9 Tactical Retreats 1 | . . 1 Traps | -11 -10 -9 ------- Run | Yrd Mat Mat Traps Triggered . | . . . Indirectly . | . . . Trap Hack Attempts . | . . . Triggered . | . . . Disarmed . | . . . Reprogrammed . | . . . Reused . | . . . Traps Extracted . | . . . Installed . | . . . Triggered . | . . . Machines | -11 -10 -9 ---------- Run | Yrd Mat Mat Machines Disabled 3 | . 2 1 Max in Single Turn 2 | . 2 1 Machines Repaired . | . . . Machines Dismantled . | . . . Machines Sabotaged . | . . . Overloaded Fab Kills . | . . . Hacking | -11 -10 -9 --------- Run | Yrd Mat Mat Machines Accessed 4 | . 1 3 Terminals 4 | . 1 3 Fabricators . | . . . Repair Stations . | . . . Recycling Units . | . . . Scanalyzers . | . . . Garrison Access . | . . . Total Hacks 7 | . 3 4 Successful 5 | . 2 3 Failed 2 | . 1 1 Catastrophic . | . . . Database Lockouts . | . . . Manual . | . . . Terminals 7 | . 3 4 Fabricators . | . . . Repair Stations . | . . . Recycling Units . | . . . Scanalyzers . | . . . Garrison Access . | . . . Terminal Hacks 5 | . 2 3 Record 4 | . 1 3 Investigation Status 1 | . 1 . Fabricator Hacks . | . . . Repair Station Hacks . | . . . Recycling Unit Hacks . | . . . Scanalyzer . | . . . Garrison Access Hacks . | . . . Unauthorized Hacks . | . . . Terminals . | . . . Fabricators . | . . . Repair Stations . | . . . Recycling Units . | . . . Scanalyzers . | . . . Garrison Access . | . . . Data Cores Recovered . | . . . Used . | . . . Hacking Detections 2 | . 1 1 Full Trace Events . | . . . Feedback Events . | . . . Feedback Blocked . | . . . Robot Schematics Acquired . | . . . Robots Built . | . . . Authchips . | . . . Time . | . . . Total Robot Build Rating . | . . . Part Schematics Acquired . | . . . Parts Built . | . . . Authchips . | . . . Time . | . . . Total Part Build Rating . | . . . Part Studies Acquired . | . . . Parts Repaired . | . . . Time . | . . . Parts Recycled . | . . . Recycled Matter . | . . . Retrieved Matter . | . . . Retrieved Components . | . . . Parts Scanalyzed . | . . . Part Schematics Acquired . | . . . Parts Damaged . | . . . Bothacking | -11 -10 -9 ------------ Run | Yrd Mat Mat Used RIF Installer . | . . . Robots Hacked . | . . . Non-combat . | . . . Combat . | . . . Robot Hacks Applied . | . . . Relay Couplers Released . | . . . Fabnet Peak Effective % . | . . . Robots Rewired . | . . . Allies Hacked . | . . . Hacks Repelled . | . . . Allies | -11 -10 -9 -------- Run | Yrd Mat Mat Total Allies . | . . . Largest Group . | . . . Highest-Rated Group . | . . . Highest-Rated Ally . | . . . Total Orders . | . . . Ally Attacks . | . . . Total Damage . | . . . Kills . | . . . Allies Corrupted . | . . . Allies Melted . | . . . Intel | -11 -10 -9 ------- Run | Yrd Mat Mat Active Infowar (turns) . | . . . Robot Analysis Total . | . . . Derelict Logs Recovered . | . . . Drone Launches . | . . . Drone Recoveries . | . . . Exploration | -11 -10 -9 ------------- Run | Yrd Mat Mat Turns Passed 708 | 80 247 381 Spaces Moved 423 | 69 164 190 Core 36 | 19 . 17 Treads . | . . . Legs 387 | 50 164 173 Wheels . | . . . Hover . | . . . Flight . | . . . Fastest Speed 50 | 50 120 120 Average Speed 141 | 100 120 175 Slowest Speed 300 | 120 120 300 Overloaded Moves . | . . . Propulsion Burnouts . | . . . Robots Hopped . | . . . Potential Cave-ins . | . . . Cave-ins Triggered . | . . . Exploration Rate (%) 20 | 3 38 20 Regions Visited 2 Branch Regions . Pre-discovered Areas . | . . . Known Exits Taken . | . . . Unknown Exits Taken 2 | 1 1 . Scrap Searched . | . . . Spaces Dug 8 | . 8 . Terrain Destroyed 111 | . 88 23 Melee . | . . . Projectile . | . . . AOE 111 | . 88 23 Terrain Rammed . | . . . Walls Destroyed . | . . . Machines Disabled . | . . . Actions | -11 -10 -9 --------- Run | Yrd Mat Mat Total 487 | 79 187 221 Wait 7 | . 3 4 Move 421 | 68 163 190 Hop . | . . . Pick Up 15 | 7 3 5 Fast Attach . | . . . Attach 16 | 4 3 9 Detach 3 | . 1 2 Swap . | . . . Drop 2 | . . 2 Fire 22 | . 14 8 Melee . | . . . Ram . | . . . Kick 1 | . . 1 Crush . | . . . Escape Stasis . | . . . Rewire . | . . . Trap . | . . . Miscellaneous . | . . . Route ------- -11/Scrapyard -10/Materials -9/Materials History --------- Turn | Location | Event 8 | -11/Scrapyard | Discovered new exit (range 16) 81 | -11/Scrapyard | Entered Materials 298 | -10/Materials | Core integrity fell below 50% 300 | -10/Materials | Build established: Mutant 311 | -10/Materials | Discovered new exit (range 12) 328 | -10/Materials | Entered another Materials area 328 | -9/Materials | Evolved 2 slots: Power x1, Weapon x1 684 | -9/Materials | Core integrity fell below 50% 700 | -9/Materials | Core integrity fell below 20% 709 | -9/Materials | Destroyed by S-10 Pest with Light Assault Rifle Last Messages --------------- Kicked U-05 Engineer. [Achievement: For Emergencies Only] U-05 Engineer lays Concrete. U-05 Engineer builds a Wall. Med. Laser destroyed. U-05 Engineer lays Concrete. Acquired 29 matter. U-05 Engineer builds a Wall. U-05 Engineer destroyed. Sml. Laser destroyed. [Achievement: There's More Where That Came From] Aluminum Leg destroyed. R-06 Scavenger collects Wheel. EMP Blaster destroyed. R-06 Scavenger collects Terrain Scan Processor. Sml. Laser destroyed. Identified Imp. Assault Rifle. [Achievement: Hydra] Faulty integration triggers energy drain (-27). K-01 Serf collects debris. Map ----- +----------------------------------------------------+ | ???????????????????????????? ??????????????????? | | ????????????????????????????# #??????????????????? | | ????????????????????????##### #??????????????????? | | ????????????????????????# ###########????????? | | ????????????????????????# #????????? | | ????????????????????????# #????????? | | ????????????????????????# #????????? | | ????????????????????????# ####### #????????? | | ????????????????????????## ##?????# #????????? | | ?????????????????????????# #??????# #????????? | | ?????????????????????????# #??????# ########?? | | ?????????????????????????# #??????# # ### | | ?????????????????????????# #??????# # + | | ?????????????????????????# #??????# # "" ### | | ?????????????????????????# #??????# + "T #? | | ?????????#???????###?????# #??????# # "" ## | | ?????????# ??????# #?????# #??????# # ## | | ???????### ?????# ####??# ##?????# ########## | | ?????? ???## # #?## ! ##?????# #????????# | | ????????# ####+# #### g ##?????# #????????? | | ????????? + !! ## ##?????# #????????? | | ???????????????# !! ##kb ##?????# +??????### | | ???????????????# # g #?????# #??????# | | ???????????????# # #?????# #??????#"" | | ???????????????# + sTg #?????# ####+###"R | | ???????????????# " #@ssg #?????# #"" | | ???????????????# # #?????# + | | ???????????????# #######????## # | | ???????????????# ## ??????+ ###### # | | ???????????????############ ????# #????# # | | ??????????????????######??? " ????# ######+### | | ??????????????????????????? "???# # | | ??????????????????????????? ""??# # T | | ??????????????????????????? "???# # | | ??????????????????????????? ??# # """ """ | | ???????????????????????????? ???# + """ """ | | ????????????????????????????#####???# # """ """ | | ????????????????????????????????????# # """ """ | | ????????????????????????????????????# # | | ????????????????????????????????????# #########? | | ????????????????????????????????????# ## #? | | ????????????????????????????????????# ## """ #? | | ????????????????????????????????????# ## """ #? | | ????????????????????????????????????# ## """ #? | | ????????????????????????????????????# ## #? | | ???????????????????????????????????## ## #? | | ???????????????????????????????????# ###+####? | | ???????????????????????????????????# #? | | ???????????????????????????????????# " #? | | ???????????????????????????????????# #? | +----------------------------------------------------+ Best States ------------- Heat Dissipation 28 Energy Generation 15 Energy Capacity 150 Matter Stores 227 Matter Capacity 400 Sight Range 16 Terrain Scan Density 10 Evasion (%) 55 Item Schematics ----------------- None Robot Schematics ------------------ None Fabricated ------------ Nothing Repaired ---------- Nothing Studied --------- None Alien Tech Used ----------------- None Achievements -------------- DATA ERROR: Steam Global Achievement% For Emergencies Only Hydra Organ Harvest Resistances Are Futile There's More Where That Came From Challenges ------------ None Game ------ Seed ServoDrainedComputer Manual? 0 Play Time 00:13:44 Cumulative 10.9 hours Start 2025.10.29 @ 14:30:12 End 2025.10.29 @ 14:43:01 Sessions 1 Manual Loads 0 Difficulty Rogue Special Mode None Game No. 38 Rogue 38 Adventurer 0 Explorer 0 Win Type - Total 0 Types 0/0/0/0/0/0/0/0/0/0 Lore% 1 Gallery% 11 Achievement% 7 Wizard Run 0 Options --------- Layout 1 ASCII 0 Keyboard 1 Movement Numpad Keybinds 0 Fullscreen 1 Font 32/SmallcapsGlow Map View 50x35 Zoom Use 0% Tactical HUD 0 Map Filters NONE Filters NONE Steam 1 RUN: c0696d11-2fa8-4837-a91f-d9741f14e0d8